 Dungeon Crawl Stone Soup version 0.18.1-50-g88ac8fd (webtiles) character file.

620 Plasmo the Sneak (level 7, -5/57 HPs)
             Began as a Naga Wizard on Oct 23, 2016.
             Was a Believer of Cheibriados.
             Shot with an arrow by a centaur (8 damage)
             ... on level 5 of the Dungeon.
             The game lasted 00:23:30 (4094 turns).

Plasmo the Sneak (Naga Wizard)                      Turns: 4094, Time: 00:23:30

Health: -5/57      AC:  7    Str: 17    XL:     7   Next: 46%
Magic:  0/12       EV: 11    Int: 24    God:    Cheibriados [**....]
Gold:   173        SH:  0    Dex: 20    Spells: 5 memorised, 2 levels left

rFire  . . .     SeeInvis +     j - +0 flail
rCold  . . .     Gourm    .     f - +0 leather armour
rNeg   . . .     Faith    .     (no shield)
rPois  +         Spirit   .     b - +0 hat
rElec  .         Dismiss  .     m - +2 cloak
rCorr  .         Reflect  .     (no gloves)
SustAt .         Harm     .     (no barding)
MR     .....                    (no amulet)
Stlth  +++.......               l - +4 ring of dexterity
                                (no ring)

@: short of breath, very slightly contaminated, very slow, not resistant to
hostile enchantments, fairly stealthy
A: see invisible, deformed body, poison resistance, slowness 2, slow metabolism
1, spit poison 2, AC +2
a: Spit Poison, Bend Time, Renounce Religion


You were on level 5 of the Dungeon.
You worshipped Cheibriados.
Cheibriados was pleased with you.
You were hungry.

You visited 1 branch of the dungeon, and saw 5 of its levels.

You collected 173 gold pieces.

Inventory:

Hand Weapons
 g - a +1 club
 j - a +0 flail (weapon)
Missiles
 e - 25 poisoned needles
Armour
 a - a +2 shield
 b - a +0 hat (worn)
 f - a +0 leather armour (worn)
 m - a +2 cloak (worn)
Jewellery
 l - a +4 ring of dexterity (right hand)
Scrolls
 k - 2 scrolls of remove curse
 o - a scroll of identify
Potions
 h - a potion of magic
Books
 c - a book of Minor Magic

   Spells                             Type                      Level
   a - Magic Dart                     Conjuration                  1
   b - Blink                          Translocation                2
   c - Call Imp                       Summoning                    2
   d - Repel Missiles                 Charms/Air                   2
   e - Slow                           Hexes                        2
   f - Conjure Flame                  Conjuration/Fire             3
   g - Mephitic Cloud                 Conjuration/Poison/Air       3
 q - a book of Battle

   Spells                             Type                      Level
   a - Infusion                       Charms                       1
   b - Shroud of Golubria             Charms/Translocation         2
   c - Song of Slaying                Charms                       2
   d - Spectral Weapon                Hexes/Charms                 3
   e - Regeneration                   Charms/Necromancy            3
Comestibles
 d - 2 bread rations
 n - 2 chunks of flesh
 p - 4 fruits


   Skills:
 * Level 1.3 Fighting
 * Level 2.0 Maces & Flails
 - Level 0.5 Throwing
 * Level 2.0 Armour
 * Level 2.6 Dodging
 + Level 3.9 Stealth
 * Level 0.1 Shields
 + Level 1.6 Unarmed Combat
 * Level 3.8 Spellcasting
 * Level 3.3 Conjurations
 - Level 1.0 Summonings
 - Level 1.0 Translocations
 * Level 1.5 Fire Magic
 * Level 1.8 Air Magic
 * Level 1.4 Invocations


You had 2 spell levels left.
You knew the following spells:

 Your Spells              Type           Power        Failure   Level  Hunger
a - Magic Dart            Conj           ###.         3%          1    None
b - Call Imp              Summ           #.......     14%         2    #......
c - Conjure Flame         Conj/Fire      ###.....     17%         3    ##.....
d - Mephitic Cloud        Conj/Pois/Air  ##......     21%         3    ##.....
e - Blink                 Tloc           N/A          14%         2    #......


Dungeon Overview and Level Annotations

Branches:
Dungeon (5/15)
 Temple: D:4-7

Altars:
Cheibriados
Dithmenos
Okawaru
Xom


Innate Abilities, Weirdness & Mutations

You cannot wear boots.
Your serpentine skin is tough (AC +2).
You have supernaturally acute eyesight.
Armour fits poorly on your strangely shaped body.
Your system is resistant to poisons.
You cover ground very slowly.
You have a slow metabolism.
You can spit poison.


Message History

You miscast Mephitic Cloud.
You feel mildly nauseous.
The centaur shoots an arrow.
The arrow barely misses you.
Drink which item? (? for menu, Esc to quit)
You feel better.
The gnoll seems less confused.
The centaur shoots an arrow.
The arrow hits you!
* * * LOW HITPOINT WARNING * * *
Press: ? - help, Shift-Dir - straight line, f - centaur
Aim: a centaur, wielding a shortbow The splash of poison misses the centaur.
You are feeling hungry.
The gnoll barely misses you.
The centaur shoots an arrow.
The arrow hits you!
* * * LOW HITPOINT WARNING * * *
Drink which item? (? for menu, Esc to quit)
Okay, then.
Casting: Mephitic Cloud
Confirm with . or Enter, or press ? or * to list all spells.
You miscast Blink.
The world appears momentarily distorted!
The centaur shoots an arrow.
The arrow hits you!
You die...

######### #.......# ##
#.?.....# .# #.......#
.#### #...g...# ....#
#.......# ....# #....(..#
....### #.a....@####
......#####.#...g...#
....#....##.#.......#
............#...$)..###...
..##.##........$.†..c.....
#.##.#....................
..........................
...#.....#..#.............
.<.....#.#.##.............


You could see a centaur, a worker ant (confused) and 2 gnolls.

Vanquished Creatures
  2 ogres (D:4)
  A howler monkey (D:3)
  2 giant frog zombies (D:5)
  A hound (D:4)
  An orc wizard (D:5)
  Jessica (D:2)
  2 worker ants (D:4)
  An iguana (D:4)
  5 adders
  3 gnolls
  A shadow imp (D:5)
  A worm (D:4)
  4 dart slugs
  3 giant geckos
  13 orcs
  3 ball pythons
  6 giant cockroaches
  4 goblins
  4 hobgoblins
  13 jackals
  4 kobolds (D:1)
  3 quokkas
  9 bats
  A giant gecko zombie (D:4)
  3 giant newts
  6 rats
97 creatures vanquished.

Notes
Turn   | Place    | Note
--------------------------------------------------------------
     0 | D:1      | Plasmo the Naga Wizard began the quest for the Orb.
     0 | D:1      | Reached XP level 1. HP: 15/15 MP: 4/4
    47 | D:1      | Reached XP level 2. HP: 22/22 MP: 0/6
   108 | D:1      | Learned a level 2 spell: Call Imp
   457 | D:1      | Reached skill level 1 in Armour
   538 | D:1      | Reached XP level 3. HP: 28/28 MP: 4/7
  1335 | D:2      | Learned a level 3 spell: Conjure Flame
  1550 | D:2      | Found a snail-covered altar of Cheibriados.
  1555 | D:2      | Became a worshipper of Cheibriados the Contemplative
  1663 | D:2      | Noticed Jessica
  1672 | D:2      | Killed Jessica
  1672 | D:2      | Reached skill level 1 in Maces & Flails
  1672 | D:2      | Reached XP level 4. HP: 21/37 MP: 8/8
  1677 | D:2      | Learned a level 3 spell: Mephitic Cloud
  1858 | D:2      | Found a shimmering altar of Xom.
  1858 | D:2      | Found an iron altar of Okawaru.
  2165 | D:3      | Reached XP level 5. HP: 33/43 MP: 6/10
  2170 | D:3      | Reached * piety under Cheibriados
  2320 | D:3      | Found a shadowy altar of Dithmenos.
  2913 | D:3      | Reached skill level 1 in Fire Magic
  3017 | D:4      | Reached skill level 1 in Unarmed Combat
  3138 | D:4      | Noticed an ogre
  3145 | D:4      | Killed an ogre
  3145 | D:4      | Reached skill level 1 in Fighting
  3145 | D:4      | Reached skill level 1 in Air Magic
  3145 | D:4      | Reached XP level 6. HP: 51/51 MP: 7/11
  3218 | D:4      | Reached ** piety under Cheibriados
  3460 | D:4      | Reached skill level 1 in Invocations
  3551 | D:4      | Reached XP level 7. HP: 57/57 MP: 9/12
  3592 | D:4      | Learned a level 2 spell: Blink
  3992 | D:5      | Entered Level 5 of the Dungeon
  4093 | D:5      | HP: 2/57 [centaur/arrow (11)]
  4094 | D:5      | Shot with an arrow by a centaur

Skill      XL: |  1  2  3  4  5  6  7 |
---------------+----------------------+-----
Armour         | 1 2 |  2.0
Maces & Flails | 1 2 |  2.0
Conjurations   | 2 3 |  3.3
Dodging        | 2 |  2.6
Fire Magic     | 1 |  1.5
Unarmed Combat | 1 |  1.6
Fighting       | 1 |  1.3
Air Magic      | 1 |  1.8
Invocations    | 1 |  1.4
Throwing       | |  0.5
Stealth        | |  3.9
Shields        | |  0.1
Spellcasting   | |  3.8
Summonings     | |  1.0
Translocations | |  1.0

Action                   |  1- 3 |  4- 6 |  7- 9 || total
-------------------------+-------+-------+-------++-------
Melee: Club              |    34 |    33 |       ||    67
       Unarmed           |     3 |       |       ||     3
       Hand axe          |     2 |       |       ||     2
       Flail             |       |    17 |    55 ||    72
       Punch             |       |       |     1 ||     1
 Cast: Magic Dart        |    69 |    86 |    19 ||   174
       Mephitic Cloud    |       |     1 |     1 ||     2
       Conjure Flame     |       |       |     1 ||     1
       Blink             |       |       |     1 ||     1
 Abil: Spit Poison       |    19 |    17 |     9 ||    45
  Use: Scroll            |     4 |     5 |     1 ||    10
       Potion            |       |       |     2 ||     2
 Stab: Confused          |       |       |     1 ||     1
       Sleeping          |       |       |     1 ||     1
  Eat: Chunk             |     2 |     6 |     1 ||     9
Armor: Leather armour    |    19 |    21 |    28 ||    68
       Robe              |     1 |       |       ||     1
Dodge: Dodged            |    38 |    46 |    52 ||   136
